 Dungeon Crawl Stone Soup version 0.27-a0-1434-g6f15984924 (webtiles) character file.

Game seed: 12170817946004281369

262768 lmSkywalker the Warrior (level 19, -22/157 HPs)
             Began as a Demonspawn Berserker on July 2, 2021.
             Was a High Priest of Trog.
             Killed from afar by a fire giant (32 damage)
             ... with a bolt of fire
             ... on level 2 of the Depths on July 4, 2021.
             The game lasted 04:15:46 (59894 turns).

lmSkywalker the Warrior (Demonspawn Berserker)     Turns: 59894, Time: 04:15:46

Health: -22/157    AC: 37    Str: 27    XL:     19   Next: 23%
Magic:  28/28      EV: 10    Int: 11    God:    Trog [*****.]
Gold:   546        SH: 37    Dex: 20    Spells: 18/18 levels left

rFire    + . .     SeeInvis +   a - +6 eveningstar of Daxkosch {flame, rCorr Dex+4}
rCold    . . .     Faith    .   u - +18 shield of the Gong {rElec rN+ Will+ EV-5}
rNeg     + . .     Spirit   .   J - +4 plate armour {rF+}
rPois    .         Reflect  +   (helmet unavailable)
rElec    +         Harm     .   X - scarf {shadows}
rCorr    +         Rampage  .   K - +1 pair of gloves
Will     +++..                  y - +1 pair of boots
Stlth    ..........             q - amulet of reflection
HPRegen  0.36/turn              g - ring "Guism" {MP+9 Str+3 Dex+4 SInv}
MPRegen  0.21/turn              b - ring of willpower

@: lethally poisoned (-22 -> -34), sanguine armoured
A: horns 3, demonic guardian 2, powered by death 1, sanguine armour 3,
corrupting presence 2
}: 2/15 runes: barnacled, gossamer
a: Renounce Religion, Berserk, Trog's Hand, Brothers in Arms


You were on level 2 of the Depths.
You worshipped Trog.
Trog was extremely pleased with you.
You visited 6 branches of the dungeon, and saw 33 of its levels.
You visited the Abyss 1 time.
You also visited: Gauntlet and Volcano.

You collected 4641 gold pieces.
You spent 4095 gold pieces at shops.

Inventory:

Hand Weapons
 a - the +6 eveningstar of Daxkosch (weapon) {flame, rCorr Dex+4}
   (Trog gifted it to you on level 4 of the Spider Nest)

   It has been specially enchanted to burn those struck by it, causing extra
   injury to most foes and up to half again as much damage against particularly
   susceptible opponents.
   Dex:       It affects your dexterity (+4).
   rCorr:     It protects you from acid and corrosion.
Missiles
 k - 7 boomerangs of dispersal
 s - 28 silver javelins
 E - 15 silver boomerangs
 F - a throwing net
 T - 8 curare-tipped darts
 W - 21 javelins (quivered)
Armour
 u - the +18 shield of the Gong (worn) {rElec rN+ Will+ EV-5}
   (You bought it in a shop on level 2 of the Orcish Mines)

   EV:        It affects your evasion (-5).
   rElec:     It insulates you from electricity.
   rN:        It protects you from negative energy.
   Will:      It increases your willpower.
 y - a +1 pair of boots (worn)
 J - a +4 plate armour of fire resistance (worn)
 K - a +1 pair of gloves (worn)
 X - a scarf of shadows (worn)
Jewellery
 b - a ring of willpower (right hand)
 f - a ring of fire
 g - the ring "Guism" (left hand) {MP+9 Str+3 Dex+4 SInv}
   (You took it off a necromancer on level 1 of the Depths)

   [ring of magical power]

   Str:       It affects your strength (+3).
   Dex:       It affects your dexterity (+4).
   MP:        It affects your magic capacity (+9).
   SInv:      It lets you see invisible.
 q - an amulet of reflection (around neck)
 G - a ring of willpower
 Z - a +4 ring of protection
Wands
 m - a wand of charming (17)
 n - a wand of acid (34)
 v - a wand of digging (19)
 Q - a wand of iceblast (20)
 R - a wand of paralysis (5)
 Y - a wand of polymorph (11)
Scrolls
 j - 2 scrolls of fog
 t - 3 scrolls of enchant armour
 w - 17 scrolls of teleportation
 x - 3 scrolls of enchant weapon
 z - 6 scrolls of blinking
 A - 4 scrolls of summoning
 B - 4 scrolls of fear
 D - 19 scrolls of identify
 L - 4 scrolls of magic mapping
 O - a scroll of brand weapon {unknown}
 U - a scroll of silence
Potions
 d - 2 potions of haste
 e - 7 potions of might
 i - 4 potions of lignification
 l - 5 potions of attraction
 o - 8 potions of heal wounds
 p - 13 potions of curing
 r - 4 potions of flight
 C - 5 potions of ambrosia
 H - a potion of cancellation
 P - 4 potions of resistance
 S - 2 potions of invisibility
Miscellaneous
 I - a condenser vane
 N - a box of beasts
 V - a phial of floods


   Skills:
 + Level 15.6 Fighting
 * Level 13.9 Maces & Flails
 - Level 8.0 Throwing
 + Level 14.4 Armour
 + Level 12.6 Dodging
 * Level 13.0 Shields
 - Level 10.7 Evocations


You had 18 spell levels left.
You didn't know any spells.
Your spell library was empty.

Dungeon Overview and Level Annotations

Branches:
Dungeon (15/15)            Temple (0/1) D:6            Lair (6/6) D:8
 Shoals (4/4) Lair:4       Spider (4/4) Lair:4        Slime (0/5) Lair:5
    Orc (2/2) D:9             Elf (0/3) Orc:2        Vaults (0/5) D:14
 Depths (2/5) D:15        Volcano (visited)         Gauntlet (visited)

Altars:
Ashenzari
Cheibriados
Elyvilon
Fedhas
Hepliaklqana
Kikubaaqudgha
Makhleb
Nemelex Xobeh
Okawaru
Vehumet
Xom
The Shining One

Shops:
D:1 ?   D:3 :   D:12 ((   D:13 [   Orc:2 :[?!   Depths:1 =::

Portals:
Hell: Depths:1
Abyss: Depths:1
Pandemonium: Orc:2
Ziggurat: Depths:2

Annotations:
Lair:1 exclusion: oklob plant
Shoals:4 Nikola


Innate Abilities, Weirdness & Mutations

You have a pair of large horns on your head.
A demonic guardian rushes to your aid.
You regenerate a little health from kills.
When seriously injured, your bleeding wounds create very thick armour. (AC +12)
Your presence sometimes corrodes or deforms those you injure.


Message History

The bolt of poison hits you.
You are more poisoned.
You hear a shout!
A tengu reaver comes into view. It is wielding a +0 great sword.
You feel extremely sick.
The tengu reaver shouts!
The tengu reaver casts a spell at you. The bolt of lightning hits you!
You resist.
The tengu reaver blocks your smoke demon's attack. x3
The tengu reaver gestures at you while chanting.
The bolt of lightning hits you! You resist. The bolt of lightning misses you.
Things that are here:
a +0 dire flail; a +0 dire flail; an ettin corpse You bludgeon the tengu reaver!!
You burn the tengu reaver. The tengu reaver blocks your attack.
The tengu reaver is severely wounded.
You feel very sick.
Your smoke demon hits the tengu reaver but does no damage. x3
You sock the tengu reaver! You burn the tengu reaver.
Your headbutt misses the tengu reaver.
The tengu reaver is almost dead.
You feel very sick.
The tengu reaver hits you but does no damage.
The tengu reaver pecks you. You block the tengu reaver's attack.
GONNNNG!
The tengu reaver points at you and mumbles some strange words.
The bolt of cold hits you!!!
* * * LOW HITPOINT WARNING * * *
A demonic guardian appears!
You hear a deafening roar!
* * * LOW HITPOINT WARNING * * *
You feel very sick.
The tengu reaver blocks your smoke demon's attack.
Your smoke demon hits the tengu reaver but does no damage. x2
The tengu reaver gestures at your smoke demon while chanting.
The bolt of acid hits your smoke demon!!
Your smoke demon is splashed with acid.
The acid corrodes your smoke demon! The fire giant casts a spell at you.
The bolt of fire hits you!! You resist.
You die...

.. ##.#...## ##........#
#...#......####....#....#
#...##....##.###...#...##
#.........##.#.....#..##
#.......###.......#####
#####.....##..........
#.....#....#.....#
.###........#....##
#.......@3.#####.##
..#####.()Q....###
#..##......# #..
...3..(.# ####.....C...
...§.§§... #.....≈≈Q..
##(..≈≈∩§≈


You could see a fire giant, 2 tengu reavers and 2 friendly smoke demons.

Vanquished Creatures
  Arachne (Spider:3)
  Rupert (D:14)
  Jorgrun (D:14)
  A titan (Depths:1)
  4 krakens (Shoals:3)
  Gastronok (Lair:3)
  Ilsuiw (Shoals:3)
  Donald (Orc:2)
  2 fire giants (Depths:1)
  A frost giant (Depths:1)
  An emperor scorpion (Spider:4)
  Louise (Spider:4)
  4 ghost moths
  5 stone giants
  4 very ugly things
  A spriggan defender (Depths:1)
  2 entropy weavers
  4 spark wasps
  A blizzard demon (Depths:1)
  Snorg (Lair:3)
  7 merfolk javelineers
  5 ettins
  2 fire dragons
  4 merfolk impalers (Shoals:3)
  Fannar (Lair:3)
  3 boulder beetles
  2 great orbs of eyes (Depths:1)
  4 vault guards (D:14)
  8 hydras
  A spriggan air mage (Depths:2)
  2 merfolk aquamancers
  A rakshasa (Depths:1)
  3 catoblepae (Lair:6)
  5 centaur warriors
  2 merfolk avatars (Shoals:2)
  8 two-headed ogres
  An alligator snapping turtle (Shoals:4)
  5 satyrs
  3 deep troll shamans (D:15)
  3 tengu warriors
  12 death yaks
  A deep troll earth mage (D:15)
  3 spriggan berserkers (Depths:1)
  5 sun demons
  4 orc high priests (Orc:2)
  A hell knight (D:15)
  A sixfirhy (Orc:2)
  A spark wasp zombie (Depths:1)
  7 deep trolls (D:15)
  A gelid demonspawn (Orc:2)
  Pikel (D:8)
  11 sea snakes
  3 slime creatures
  A glowing orange brain (Depths:1)
  A flayed ghost (Depths:1)
  An infernal demonspawn (Orc:2)
  3 wizards
  8 harpies
  16 orb spiders
  A lindwurm (shapeshifter) (D:15)
  7 orc knights
  A necromancer (Depths:1)
  3 deep elf pyromancers
  8 orc sorcerers (Orc:2)
  A shadow dragon skeleton (Depths:1)
  A stone giant zombie (Depths:1)
  3 salamanders (Volcano)
  41 wolf spiders
  An oklob plant (Shoals:1)
  23 fauns
  21 ugly things
  15 manticores
  5 cyclopes
  4 moths of wrath
  9 merfolk sirens
  16 elephants
  An eye of devastation (Lair:5)
  5 centaur zombies
  2 torpor snails (Spider:3)
  3 black mambas
  2 water nymphs
  4 gargoyles
  11 cane toads
  6 unseen horrors
  6 rime drakes
  2 kobold demonologists (D:13)
  4 tengu conjurers
  6 komodo dragons
  A freezing wraith (D:14)
  19 demonic crawlers
  A yaktaur (shapeshifter) (D:13)
  5 ice devils
  A red devil (Orc:2)
  A polar bear (Lair:4)
  27 jumping spiders
  3 trolls
  7 wind drakes
  21 merfolk
  4 hornets (Spider:4)
  19 blink frogs
  A deep troll zombie (Depths:1)
  5 dream sheep
  9 snapping turtles
  45 redbacks
  4 large abominations (Depths:1)
  A fire dragon skeleton (Depths:1)
  Sigmund (D:5)
  73 yaks
  A shadow (D:9)
  11 water elementals
  Eustachio (D:4)
  26 tarantellas
  5 basilisks
  4 fire bats (Volcano)
  A wraith (D:10)
  3 wyverns
  2 ynoxinuls (Orc:2)
  A human (D:14)
  Grum (D:11)
  3 small abominations
  5 vampire mosquitoes
  2 chaos spawn (Depths:1)
  A warg (Orc:1)
  13 water moccasins
  3 acid dragons
  A floating eye (Lair:5)
  4 black bears
  36 orc warriors
  A hornet zombie (D:6)
  2 ice beasts
  5 ogres
  12 wolves
  10 boggarts
  9 centaurs
  A sky beast (D:4)
  A phantom (D:5)
  4 kobold brigands
  Blork the orc (D:5)
  A wyvern zombie (D:6)
  8 bullfrogs
  A gnoll sergeant (D:7)
  A scorpion (D:8)
  9 killer bees
  13 wights
  15 electric eels
  6 howler monkeys (D:7)
  A lava snake (D:10)
  2 bullfrog skeletons (D:5)
  27 orc priests
  2 hounds
  A jelly (D:5)
  2 iguanas (D:4)
  Jessica (D:3)
  A gnoll shaman (D:7)
  Ijyb (D:3)
  9 orc wizards
  6 hell rats
  A killer bee zombie (D:8)
  A hound zombie (D:5)
  Robin (D:3)
  6 gnolls (D:7)
  3 adders
  2 shadow imps
  3 white imps
  2 ufetubi (D:5)
  4 worms
  6 dart slugs
  74 orcs
  6 bats
  13 endoplasms
  3 giant cockroaches
  16 goblins
  7 hobgoblins
  2 jackals (D:3)
  8 quokkas
  9 ball pythons
  A ball python skeleton (D:3)
  5 frilled lizards
  2 goblin skeletons (D:6)
  2 goblin zombies (D:6)
  2 hobgoblin zombies (D:6)
  27 kobolds
  2 kobold skeletons (D:6)
  2 kobold zombies (D:6)
  An orc skeleton (D:6)
  2 orc zombies (D:6)
  6 rats
  13 tentacles (Shoals:3)
1158 creatures vanquished.

Vanquished Creatures (collateral kills)
  A merfolk javelineer (Shoals:3)
  A two-headed ogre (D:9)
  A death yak (Lair:3)
  A wizard (D:11)
  A flayed ghost (D:10)
  2 harpies (Shoals:2)
  A hellion (Depths:1)
  A komodo dragon (D:8)
  A wind drake (Shoals:2)
  5 blink frogs
  2 redbacks
  6 yaks
  A wolf (D:11)
  An electric eel (D:8)
  3 gnolls (D:7)
  An orc (Orc:2)
29 creatures vanquished.

Vanquished Creatures (others)
  2 manticores
  An unseen horror (Depths:1)
  A kobold (D:13)
  A bush (D:14)
  A butterfly (Lair:6)
  39 fungi
  336 plants
  109 tentacles
490 creatures vanquished.

Grand Total: 1677 creatures vanquished

Notes
Turn   | Place    | Note
-------+----------+-------------------------------------------
     0 | D:1      | lmSkywalker the Demonspawn Berserker began the quest for
                  | the Orb.
     0 | D:1      | Reached XP level 1. HP: 18/18 MP: 1/1
    52 | D:1      | Found a faded altar of an unknown god.
   310 | D:1      | Gained mutation: When seriously injured, your bleeding
                  | wounds create armour. (AC +12) [demonic ancestry]
   310 | D:1      | Reached XP level 2. HP: 22/24 MP: 2/2
   664 | D:1      | Found Safiuqu's Magic Scroll Boutique.
  1130 | D:1      | Reached XP level 3. HP: 14/29 MP: 3/3
  1319 | D:1      | Reached ** piety under Trog
  2268 | D:2      | Gained mutation: You regenerate a little health from kills.
                  | [demonic ancestry]
  2268 | D:2      | Reached XP level 4. HP: 35/35 MP: 4/4
  3000 | D:3      | Noticed Jessica
  3014 | D:3      | Noticed Robin
  3036 | D:3      | Reached *** piety under Trog
  3046 | D:3      | Killed Robin
  3113 | D:3      | Killed Jessica
  3114 | D:3      | Gained mutation: When seriously injured, your bleeding
                  | wounds create thick armour. (AC +12) [demonic ancestry]
  3114 | D:3      | Reached XP level 5. HP: 42/42 MP: 5/5
  3159 | D:3      | Found Qeudyom's Book Shop.
  3475 | D:3      | Found a hazy altar of Hepliaklqana.
  3595 | D:3      | Found a broken altar of Ashenzari.
  3646 | D:3      | Reached skill level 4 in Fighting
  3990 | D:3      | Noticed Ijyb
  4011 | D:3      | Killed Ijyb
  4575 | D:4      | Noticed a sky beast
  4590 | D:4      | Killed a sky beast
  4591 | D:4      | Gained mutation: You have a pair of small horns on your
                  | head. [demonic ancestry]
  4591 | D:4      | Reached XP level 6. HP: 48/48 MP: 6/6
  4755 | D:4      | Noticed Eustachio
  4762 | D:4      | Killed Eustachio
  4907 | D:4      | Found a snail-covered altar of Cheibriados.
  5341 | D:5      | Entered Level 5 of the Dungeon
  5349 | D:4      | Gained mutation: You have a pair of horns on your head.
                  | [demonic ancestry]
  5349 | D:4      | Reached XP level 7. HP: 52/55 MP: 7/7
  5440 | D:5      | Reached **** piety under Trog
  5659 | D:5      | Reached skill level 5 in Fighting
  5765 | D:5      | Noticed Sigmund
  5792 | D:5      | Killed Sigmund
  5901 | D:5      | Noticed Blork the orc
  5908 | D:5      | Killed Blork the orc
  5982 | D:5      | Found a radiant altar of Vehumet.
  6379 | D:6      | Reached skill level 5 in Maces & Flails
  6379 | D:6      | Reached XP level 8. HP: 63/63 MP: 8/8
  6381 | D:6      | Found a staircase to the Ecumenical Temple.
  6600 | D:6      | Found an iron altar of Okawaru.
  6722 | D:6      | Reached skill level 6 in Fighting
  6722 | D:6      | Reached skill level 5 in Armour
  6774 | D:6      | Reached skill level 5 in Dodging
  7194 | D:7      | Gained mutation: A weak demonic guardian rushes to your
                  | aid. [demonic ancestry]
  7194 | D:7      | Reached XP level 9. HP: 71/71 MP: 9/9
  7343 | D:7      | Reached skill level 7 in Fighting
  8517 | D:8      | Noticed a komodo dragon
  8534 | D:8      | Killed a komodo dragon
  8535 | D:8      | Reached XP level 10. HP: 35/80 MP: 10/10
  8576 | D:8      | Found a staircase to the Lair.
  8705 | D:8      | Reached skill level 8 in Fighting
  8733 | D:8      | Noticed Pikel
  8740 | D:8      | Killed Pikel
  8800 | D:8      | Found an ancient bone altar of Kikubaaqudgha.
  9204 | D:8      | Reached ***** piety under Trog
  9304 | D:8      | Noticed a two-headed ogre
  9315 | D:8      | Killed a two-headed ogre
  9618 | D:9      | Noticed a boulder beetle
  9801 | D:9      | Killed a boulder beetle
  9915 | D:9      | Noticed a two-headed ogre
  9915 | D:9      | Noticed a two-headed ogre
 10016 | D:9      | Reached skill level 9 in Fighting
 10185 | D:9      | Found a sparkling altar of Nemelex Xobeh.
 10255 | D:9      | Killed a two-headed ogre
 10487 | D:9      | Found a staircase to the Orcish Mines.
 10606 | D:9      | Gained mutation: You have a pair of large horns on your
                  | head. [demonic ancestry]
 10606 | D:9      | Reached XP level 11. HP: 88/88 MP: 11/11
 10690 | D:10     | Entered Level 10 of the Dungeon
 10861 | D:9      | Identified a scroll of acquirement
 10861 | D:9      | Acquired 934 gold pieces
 11075 | D:1      | Bought a scroll of teleportation for 42 gold pieces
 11075 | D:1      | Bought a scroll of identify for 28 gold pieces
 11075 | D:1      | Bought a scroll of identify for 28 gold pieces
 11075 | D:1      | Bought a scroll of identify for 28 gold pieces
 11075 | D:1      | Bought a scroll of enchant weapon for 105 gold pieces
 11075 | D:1      | Bought a scroll of summoning for 133 gold pieces
 11075 | D:1      | Bought a scroll of blinking for 105 gold pieces
 11268 | Lair:1   | Entered Level 1 of the Lair of Beasts
 11346 | D:10     | Found a blossoming altar of Fedhas.
 11657 | D:10     | Noticed a deep elf pyromancer
 11671 | D:10     | Killed a deep elf pyromancer
 11778 | D:10     | Reached skill level 1 in Throwing
 11778 | D:10     | Reached skill level 1 in Evocations
 11829 | D:10     | Noticed a two-headed ogre
 11830 | D:10     | Noticed a flayed ghost
 11833 | D:10     | Noticed a deep elf pyromancer
 12236 | D:10     | Killed a flayed ghost
 12388 | D:11     | Noticed a wizard
 12391 | D:11     | Cast into level 2 of the Abyss (a wizard)
 12391 | Abyss:2  | Found a corrupted altar of Lugonu.
 12470 | Abyss:2  | Noticed a wretched star
 12504 | D:11     | Escaped the Abyss
 12510 | D:11     | Killed a wizard
 12532 | D:11     | Noticed a purple ugly thing
 12738 | D:11     | Noticed Grum
 12840 | D:10     | Identified the +7 spear of Forced Transition {freeze,
                  | +Rage}
 12948 | Lair:1   | Reached skill level 10 in Fighting
 13441 | Lair:1   | Found the +9 staff of Olgreb {rPois∞}
 13445 | Lair:1   | Noticed an oklob plant
 13560 | Lair:1   | Reached XP level 12. HP: 51/97 MP: 12/12
 14695 | Lair:2   | You fall into a shaft and drop 1 floor!
 14747 | Lair:2   | Reached skill level 1 in Shields
 15433 | Lair:3   | Noticed an eight-headed hydra
 15452 | Lair:3   | Killed an eight-headed hydra
 15675 | Lair:3   | Noticed Gastronok
 15690 | Lair:3   | Killed Gastronok
 15742 | Lair:3   | Reached skill level 5 in Evocations
 15880 | Lair:3   | Noticed Snorg
 15969 | Lair:3   | Noticed a catoblepas
 16387 | Lair:3   | Noticed Fannar
 16408 | Lair:3   | Killed Fannar
 16628 | Lair:3   | Killed Snorg
 16629 | Lair:3   | Reached skill level 11 in Fighting
 17226 | Lair:4   | Reached skill level 5 in Throwing
 17232 | Lair:4   | Reached skill level 10 in Dodging
 17374 | Lair:4   | Noticed a death yak
 17374 | Lair:4   | Noticed a death yak
 17374 | Lair:4   | Noticed a death yak
 17374 | Lair:4   | Noticed a death yak
 17374 | Lair:4   | Noticed a death yak
 17374 | Lair:4   | Noticed a death yak
 17386 | Lair:3   | Killed a death yak
 17387 | Lair:3   | Reached skill level 10 in Armour
 17387 | Lair:3   | Gained mutation: When seriously injured, your bleeding
                  | wounds create very thick armour. (AC +12) [demonic
                  | ancestry]
 17387 | Lair:3   | Reached XP level 13. HP: 106/106 MP: 13/13
 17753 | Lair:4   | Found a hole to the Spider Nest.
 18274 | Lair:4   | Found a staircase to the Shoals.
 19329 | Lair:4   | Found a shimmering altar of Xom.
 20383 | Lair:5   | Found a staircase to the Slime Pits.
 20509 | Lair:5   | Paralysed by a floating eye for 2 turns
 20858 | Lair:5   | Reached skill level 5 in Shields
 21229 | Lair:6   | Entered Level 6 of the Lair of Beasts
 21605 | Lair:6   | Found a dark tunnel.
 21629 | Volcano  | Entered a volcano
 21803 | Volcano  | Reached XP level 14. HP: 62/114 MP: 14/14
 22361 | Lair:5   | Reached skill level 12 in Fighting
 24383 | Lair:6   | Received a gift from Trog
 24954 | Spider:1 | Entered Level 1 of the Spider Nest
 27220 | Orc:1    | Entered Level 1 of the Orcish Mines
 27798 | Orc:2    | Entered Level 2 of the Orcish Mines
 27811 | Orc:2    | Paralysed by an orc sorcerer for 3 turns
 27816 | Orc:2    | Gained mutation: Your presence sometimes corrodes those you
                  | injure. [demonic ancestry]
 27816 | Orc:2    | Reached XP level 15. HP: 118/122 MP: 15/15
 27850 | Orc:2    | Found a staircase to the Elven Halls.
 27871 | Orc:2    | Noticed Donald
 27902 | Orc:2    | Killed Donald
 27902 | Orc:2    | Received a gift from Trog
 28218 | Orc:2    | Found a gate leading to a gauntlet.
 28227 | Gauntlet | Entered a Gauntlet
 28227 | Gauntlet | Found a transporter.
 28231 | Gauntlet | Found a transporter.
 28233 | Gauntlet | Found a transporter.
 28248 | Gauntlet | Found a transporter.
 28250 | Gauntlet | Found a transporter.
 28261 | Gauntlet | Found a transporter.
 28277 | Gauntlet | Found a transporter.
 28288 | Gauntlet | Found a transporter.
 28300 | Gauntlet | Found a transporter.
 28314 | Gauntlet | Found a transporter.
 28330 | Gauntlet | Found a transporter.
 28357 | Gauntlet | Found a transporter.
 28422 | Gauntlet | Found a transporter.
 28424 | Gauntlet | Found a transporter.
 28872 | Orc:2    | Found Tausiat's Magic Scroll Shop.
 29069 | Orc:2    | Found Onakhico's Distillery.
 29244 | Orc:2    | Bought a scroll of fear for 42 gold pieces
 29244 | Orc:2    | Bought a scroll of teleportation for 36 gold pieces
 29246 | Orc:2    | Bought a potion of might for 60 gold pieces
 29246 | Orc:2    | Bought a potion of cancellation for 120 gold pieces
 29246 | Orc:2    | Bought a potion of might for 60 gold pieces
 30109 | Orc:2    | Reached skill level 13 in Fighting
 30602 | Orc:2    | Found Caeff's Book Emporium.
 30602 | Orc:2    | Found a one-way gate leading to the halls of Pandemonium.
 30602 | Orc:2    | Found Faofut's Antique Armour Shoppe.
 32209 | Spider:2 | Reached skill level 10 in Maces & Flails
 32305 | Spider:2 | Reached skill level 10 in Evocations
 32746 | Spider:2 | Received a gift from Trog
 34132 | Spider:3 | Noticed a ghost moth
 34146 | Spider:3 | Killed a ghost moth
 34147 | Spider:3 | Gained mutation: Your presence sometimes corrodes or
                  | deforms those you injure. [demonic ancestry]
 34147 | Spider:3 | Reached XP level 16. HP: 131/131 MP: 0/16
 34462 | Spider:3 | Noticed Arachne
 34484 | Spider:3 | Killed Arachne
 35059 | Spider:4 | Entered Level 4 of the Spider Nest
 35452 | Spider:4 | Reached ****** piety under Trog
 35508 | Spider:4 | Noticed Louise
 35532 | Spider:4 | Killed Louise
 35844 | Spider:4 | Identified the +6 eveningstar of Daxkosch {flame, rCorr
                  | Dex+4} (Trog gifted it to you on level 4 of the Spider
                  | Nest)
 35844 | Spider:4 | Received a gift from Trog
 36137 | Spider:4 | Reached skill level 14 in Fighting
 38835 | Spider:4 | Got a gossamer rune of Zot
 38968 | Shoals:1 | Entered Level 1 of the Shoals
 38975 | Shoals:1 | Found an ancient bone altar of Kikubaaqudgha.
 40211 | Shoals:1 | Upgraded the game from 0.27-a0-1431-gcffa5a9b16 to
                  | 0.27-a0-1434-g6f15984924
 40958 | Shoals:2 | Reached skill level 10 in Shields
 41504 | Shoals:2 | Noticed a kraken
 41545 | Shoals:2 | Received a gift from Trog
 41762 | Shoals:2 | Reached XP level 17. HP: 128/140 MP: 17/17
 42114 | Shoals:3 | Noticed a kraken
 42959 | Shoals:4 | Entered Level 4 of the Shoals
 44600 | Shoals:3 | Noticed Ilsuiw
 45101 | Shoals:3 | Noticed a kraken
 45617 | Shoals:4 | Received a gift from Trog
 46001 | Shoals:3 | Killed Ilsuiw
 46609 | Shoals:4 | Identified the -2 kite shield of the Exiled Beds {rF+ rN+}
 47214 | Shoals:4 | Got a barnacled rune of Zot
 47643 | Shoals:4 | Noticed Nikola
 48387 | Shoals:3 | Noticed a kraken
 48491 | Shoals:3 | Killed a kraken
 48744 | Shoals:3 | Killed a kraken
 48887 | Shoals:3 | Noticed a kraken
 48893 | Shoals:3 | Noticed a kraken
 48922 | Shoals:3 | Killed a kraken
 49066 | Shoals:3 | Identified the +10 long sword "Sufeckav" {vorpal, rC+}
 49087 | Shoals:3 | Killed a kraken
 49593 | D:11     | Received a gift from Trog
 49680 | D:11     | Killed Grum
 50200 | D:12     | Found Cyunkade's Antique Weapon Shop.
 50615 | D:12     | Found Acucavel's Antique Weapon Shoppe.
 50956 | Orc:2    | Bought the +18 shield of the Gong {rElec rN+ Will+ EV-5}
                  | for 3308 gold pieces
 50956 | Orc:2    | Found the +18 shield of the Gong {rElec rN+ Will+ EV-5}
 51245 | D:13     | Reached skill level 15 in Fighting
 51332 | D:13     | Found a burning altar of Makhleb.
 51432 | D:13     | Gained mutation: A demonic guardian rushes to your aid.
                  | [demonic ancestry]
 51432 | D:13     | Reached XP level 18. HP: 149/149 MP: 18/18
 51470 | D:13     | Found Tuegoan's Antique Armour Shoppe.
 51817 | D:13     | Identified the +4 scale mail of Valiance {+Inv}
 53125 | D:14     | Noticed Jorgrun
 53222 | D:14     | Killed Jorgrun
 53513 | D:14     | Noticed Rupert
 53520 | D:14     | Killed Rupert
 54239 | D:14     | Found a gate to the Vaults.
 54430 | D:15     | Entered Level 15 of the Dungeon
 54530 | D:15     | Received a gift from Trog
 54884 | D:15     | Found a staircase to the Depths.
 55357 | Depths:1 | Entered Level 1 of the Depths
 57229 | Depths:1 | Identified the ring "Guism" {MP+9 Str+3 Dex+4 SInv}
 57499 | Depths:1 | Found a one-way gate to the infinite horrors of the Abyss.
 57509 | Depths:1 | Received a gift from Trog
 57625 | Depths:1 | Found a gateway to Hell.
 58011 | Depths:1 | Found Setoshorph's Book Shop.
 58013 | Depths:1 | Found Duoh's Jewellery Shoppe.
 58014 | Depths:1 | Found Doerion's Book Shop.
 58683 | Depths:1 | Reached XP level 19. HP: 69/154 MP: 19/19
 59704 | Depths:2 | Found a gateway to a ziggurat.
 59894 | Depths:2 | Killed from afar by a fire giant

Illustrated notes

Levels and vault maps discovered:
D:1:      lightli_arrival_lavapool, layout_loops_cross,
          ebering_ecumenical_altar_mist, serial_shops, nicolae_shop_stone,
          chequers_serial_rivers_micro_e
D:2:      layout_loops_corners, serial_bayou, serial_bayou_lagoon_a,
          serial_bayou_pond_b, serial_bayou_shore_a, serial_bayou_pond_b,
          minmay_ruptured
D:3:      layout_basic, lemuel_round_altar, elyvilon_altar_4,
          lemuel_round_altar, serial_shops, nicolae_shop_stone,
          minmay_starry_boxes, uniq_ijyb, uniq_robin, uniq_jessica
D:4:      layout_basic, cheibrodos_worm_habitat, st_stairs_11, uniq_eustachio
D:5:      layout_cave_pools, amcnicky_altar_gilded, uniq_sigmund,
          uniq_blork_the_orc
D:6:      layout_rooms, nicolae_tso_besieged_by_evil, lemuel_tele_altar,
          minmay_temple_entry_stoned_glass, hex_medium
D:7:      layout_gridville, solitary_fountain
D:8:      layout_rooms, general_overflow_altar, due_lair_maze_entry_diamond,
          serial_bayou, serial_bayou_pond_c, serial_bayou_ford_a,
          serial_bayou_lagoon_b, serial_bayou_pond_e, uniq_pikel
D:9:      layout_basic, nemelex_spade_bored_becter, orc_0_dummy
D:10:     layout_basic, fedhas_altar_1, special_room [special_room_orc],
          kennysheep_island_fort
D:11:     layout_cross, uniq_grum
D:12:     layout_roguey, serial_shops, shop, kennysheep_little_box
D:13:     layout_loops_corners, serial_shops, shop_fountains, bloody_makhleb
D:14:     layout_basic, grunt_vaults_entry_fortified, serial_bayou_pond_e,
          serial_park_tiny_2, due_unseen_surprise, uniq_jorgrun, uniq_rupert
D:15:     hangedman_depths_entry_civil_slaughter, layout_rooms,
          minmay_door_square
Lair:1:   layout_roguey, beast_lair_carwin_2, grunt_megastairs_5,
          minmay_lair_oklob_chamber
Lair:2:   layout_gridlike
Lair:3:   layout_cellular_growth, uniq_fannar, uniq_snorg, uniq_gastronok
Lair:4:   layout_roguey, shoals_dummy_entry, dummy_spider_entry, basic_altar,
          grunt_megastairs_3, lemuel_fruit_tree, lemuel_fruit_fields
Lair:5:   layout_cave_shapes, minmay_slime_entry_eyes
Lair:6:   evilmike_catoblepas_cave, layout_regular_city,
          portal_ice_cave_entry_pillars_1, nicolae_volcano_entry_lava_flow
Shoals:1: layout_shoals, lemuel_oklob_altar
Shoals:2: layout_shoals
Shoals:3: layout_shoals, overgrown_tower, nicolae_shoals_kraken_party,
          uniq_ilsuiw
Shoals:4: shoals_end_grunt_garden, layout_shoals, uniq_nikola
Spider:1: layout_spider_delve
Spider:2: layout_spider_delve
Spider:3: layout_spider_delve, nicolae_spider_claw_tunnel, uniq_arachne
Spider:4: grunt_spider_rune_island, uniq_louise
Orc:1:    layout_diamond_mine
Orc:2:    pf_orc_diabolical, layout_caves, gauntlet_entry_generic, uniq_donald
Depths:1: layout_gridlike, minmay_room_of_horrors, minmay_crystal_room,
          hell_entry, minmay_fire_ice_demons, serial_bayou_shore_b,
          minmay_shop_grove, serial_bayou_shore_b
Depths:2: nzn_winding_woodlands_stair_cross [nzn_winding_woodlands_5x15_cabin,
          nzn_winding_woodlands_center_triple_pond,
          nzn_winding_woodlands_5x15_garden,
          nzn_winding_woodlands_5x5_open_star, nzn_winding_woodlands_hourglass,
          nzn_winding_woodlands_5x15_concentric,
          nzn_winding_woodlands_center_lodge,
          nzn_winding_woodlands_5x15_pockets], layout_twisted_cross,
          enter_ziggurat_b, hell_entry, roderic_lattice_a,
          nicolae_gozag_cash_rules_everything_around_me

Skill      XL: |  1  2  3  4  5  6  7  8  9 10 11 12 13 14 15 16 17 18 19 |
---------------+----------------------------------------------------------+-----
Armour         | 2 3 4 5 6 8 9 10 11 12 13 14 | 14.4
Dodging        | 2 3 4 5 6 8 9 10 11 12 | 12.6
Maces & Flails | 3 4 5 6 7 8 9 10 11 12 13 | 13.9
Fighting       | 4 5 6 7 9 10 11 12 13 14 15 | 15.6
Throwing       | 3 5 6 8 |  8.0
Evocations     | 3 5 7 8 10 | 10.7
Shields        | 3 5 7 8 10 11 12 13 | 13.0

Action                   |  1- 3 |  4- 6 |  7- 9 | 10-12 | 13-15 | 16-18 | 19-21 || total
-------------------------+-------+-------+-------+-------+-------+-------+-------++-------
Melee: Mace              |   119 |   195 |    17 |       |       |       |       ||   331
       Headbutt          |       |    10 |    78 |   212 |   485 |   395 |    29 ||  1209
       Whip              |       |       |    72 |       |       |       |       ||    72
       Flail             |       |       |   250 |   966 |   957 |       |       ||  2173
       Demon whip        |       |       |       |       |   598 |   349 |       ||   947
       Morningstar       |       |       |       |       |   445 |       |       ||   445
       Eveningstar       |       |       |       |       |       |  1096 |    84 ||  1180
Throw: Boomerang         |       |     2 |     6 |    12 |    47 |   436 |     5 ||   508
       Dart              |       |       |       |     6 |       |       |       ||     6
       Throwing net      |       |       |       |     1 |       |       |       ||     1
       Javelin           |       |       |       |       |       |     7 |     4 ||    11
Invok: Berserk           |     3 |     5 |    15 |    27 |    29 |    23 |     2 ||   104
       Trog's Hand       |       |     1 |     5 |    12 |     4 |     5 |     1 ||    28
       Brothers in Arms  |       |       |     1 |     4 |       |     1 |       ||     6
Evoke: Wand              |       |       |       |     5 |       |    21 |       ||    26
       Phial of floods   |       |       |       |       |       |     2 |       ||     2
       Box of beasts     |       |       |       |       |       |     3 |       ||     3
  Use: Scroll            |       |       |     8 |    20 |     5 |     3 |       ||    36
       Potion            |       |       |       |     1 |       |     1 |       ||     2
 Stab: Sleeping          |     3 |       |       |       |       |       |       ||     3
       Distracted        |       |       |       |     2 |       |       |       ||     2
       Paralysed         |       |       |       |       |       |     5 |       ||     5
Armor: Animal skin       |    28 |    23 |       |       |       |       |       ||    51
       Scale mail        |       |    24 |   182 |   237 |       |       |       ||   443
       Leather armour    |       |     6 |       |       |       |       |       ||     6
       Plate armour      |       |       |       |   127 |   665 |   629 |    15 ||  1436
       Pearl dragon scal |       |       |       |       |    91 |       |       ||    91
Dodge: Dodged            |    72 |   114 |   232 |   713 |  1187 |   432 |     8 ||  2758
Block: Kite shield       |       |       |       |       |  1711 |  1745 |   111 ||  3567
       Reflection        |       |       |       |       |     8 |   166 |     5 ||   179

Table legend: (Time is in decaauts)
 A = Elapsed time spent in this place.
 B = Non-inter-level travel time spent in this place.
 C = Inter-level travel time spent in this place.
 D = Time resting spent in this place.
 E = Time spent auto-exploring this place.
 F = Levels seen in this place.
 G = Mean time per level.
                   A        B        C        D        E       F      G
               +--------+--------+--------+--------+--------+-----+--------+
         Total |  61353 |  57294 |   4059 |  22445 |  15041 |  36 | 1704.2 |
       Dungeon |  20210 |  18321 |   1889 |   4049 |   7995 |  15 | 1347.3 |
          Lair |  13037 |  12166 |    871 |   4427 |   3206 |   6 | 2172.8 |
        Shoals |  10791 |  10350 |    441 |   6004 |    641 |   4 | 2697.8 |
   Spider Nest |   9017 |   8679 |    338 |   4416 |   1741 |   4 | 2254.2 |
  Orcish Mines |   3536 |   3209 |    327 |   1227 |    772 |   2 | 1768.0 |
        Depths |   3628 |   3437 |    191 |   1890 |    597 |   2 | 1814.0 |
         Abyss |    123 |    123 |      0 |     36 |      0 |   1 |  123.0 |
       Volcano |    685 |    685 |      0 |    394 |      0 |   1 |  685.0 |
      Gauntlet |    323 |    323 |      0 |      0 |     88 |   1 |  323.0 |
               +--------+--------+--------+--------+--------+-----+--------+

Top non-repeatable levels by time:
Shoals:3: 4759 daAuts
Spider:4: 3432 daAuts
Depths:1: 3229 daAuts
  Lair:4: 3226 daAuts
   Orc:2: 2690 daAuts
  Lair:6: 2477 daAuts
Spider:3: 2428 daAuts
  Lair:3: 2110 daAuts
Spider:1: 2097 daAuts
Shoals:2: 2081 daAuts
  Lair:5: 2051 daAuts
Shoals:1: 2016 daAuts
    D:13: 2008 daAuts
Shoals:4: 1933 daAuts
    D:10: 1680 daAuts
